 Dungeon Crawl Stone Soup version 0.30.1-9-gdf580d7c3d (webtiles) character file.

Game seed: 8165756772892704336

1436 KittyFluff the Covered (level 8, -5/51 HPs)
             Began as a Gargoyle Berserker on Oct 19, 2023.
             Was a Priest of Trog.
             Slain by a yak (12 damage)
             ... on level 5 of the Dungeon.
             The game lasted 00:18:17 (5277 turns).

KittyFluff the Covered (Gargoyle Berserker)         Turns: 5277, Time: 00:18:18

Health: -5/51      AC:  9    Str: 28    XL:     8   Next: 73%
Magic:  8/8        EV: 12    Int:  9    God:    Trog [***...]
Gold:   246        SH:  0    Dex:  9    Spells: 7/7 levels left

rFire   . . .        a - +0 mace
rCold   . . .        (no shield)
rNeg    + . .        b - +0 animal skin
rPois   ∞            (no helmet)
rElec   +            d - scarf {shadows}
rCorr   .            (no gloves)
SInv    .            t - +0 pair of boots
Will    .....        (no amulet)
Stlth   +            j - +6 ring of strength
HPRegen 0.28/turn    (no ring)
MPRegen 0.11/turn

%: no passive effects
@: no status effects
A: sickness immunity, AC +5, negative energy resistance 1, electricity
resistance, torment resistance 1, petrification resistance
a: Renounce Religion, Berserk, Trog's Hand


You were on level 5 of the Dungeon.
You worshipped Trog.
Trog was most pleased with you.
You visited 1 branch of the dungeon, and saw 5 of its levels.
You also visited: Sewer.

You collected 246 gold pieces.

Inventory:

Hand Weapons
 a - a +0 mace (weapon)
 p - a +0 quarterstaff
Missiles
 i - 28 poisoned darts (quivered)
 B - 2 silver boomerangs
 C - a throwing net
Armour
 b - a +0 animal skin (worn)
 d - a scarf of shadows (worn)
 t - a +0 pair of boots (worn)
Jewellery
 j - a +6 ring of strength (left hand)
Wands
 k - a wand of flame (7)
 v - a wand of polymorph (15)
Scrolls
 e - a scroll of acquirement {unknown}
 f - 5 scrolls of enchant weapon {unknown}
 g - 3 scrolls of teleportation
 l - 2 scrolls of blinking {unknown}
 n - a scroll of silence {unknown}
 r - 2 scrolls of noise {unknown}
 s - a scroll of torment {unknown}
 u - 2 scrolls of summoning {unknown}
 x - a scroll of identify {unknown}
 y - a scroll of fear {unknown}
 A - a scroll of magic mapping {unknown}
Potions
 c - 2 potions of attraction {unknown}
 h - 4 potions of flight
 m - 5 potions of curing
 o - 3 potions of haste {unknown}
 q - a potion of degeneration {unknown}
 w - a potion of brilliance {unknown}
 z - a potion of heal wounds


   Skills:
 + Level 5.7 Fighting
 * Level 6.7 Maces & Flails
 * Level 7.0 Armour
 + Level 3.7 Dodging


You had 7 spell levels left.
You didn't know any spells.
Your spell library was empty.

Dungeon Overview and Level Annotations

Branches:
Dungeon (5/15)              Sewer (visited)
 Temple: D:4-7

Altars:
Fedhas
Ru
Vehumet


Innate Abilities, Weirdness & Mutations

You are immune to sickness and miasma.
Your stone body is resilient. (AC +5)
You are immune to poison.
You resist negative energy. (rN+)
You are resistant to electric shocks. (rElec)
You are resistant to unholy torment.
You are immune to petrification.


Message History

The yak is lightly wounded.
The yak barely misses you.
You sock the yak!
The yak is heavily wounded.
The yak barely misses you.
You hit the yak.
The yak is heavily wounded.
The yak gores you but does no damage.
You hit the yak but do no damage.
The yak is heavily wounded.
The yak misses you.
You hit the yak.
The yak is heavily wounded.
The yak gores you.
You hit the yak.
The yak is severely wounded.
The yak closely misses you.
You sock the yak!
The yak is almost dead.
The yak gores you but does no damage. The yak gores you.
You hit the yak but do no damage.
The yak is almost dead.
The yak gores you!
You sock the yak!
You kill the yak!
Trog accepts your kill.
Your Armour skill increases to level 7!
You hit the yak but do no damage. The yak gores you!
You hit the yak but do no damage. The yak gores you!
* * * LOW HITPOINT WARNING * * *
You sock the yak!
The yak is moderately wounded.
The yak gores you but does no damage.
You hit the yak but do no damage.
The yak is moderately wounded.
The yak gores you but does no damage.
You sock the yak!
The yak is heavily wounded.
The yak gores you!
You die...

# #..##......... # Y
###.############ # Y.
#......######## #
#####.Y.####
#...##>##.....#
###...Y.......##
#...##.##.....#
..wY...........#
#.............#
##YY.w.... ...#
#....#.##.....#
##Y###....
#Y###....#.##.....# ##Y#
.. #YY@.......########
##.# #######)#### ##.# #
######.#### ...#
#..........)#########
####
#.###.##.##..).......
.####.###.##.##.########.
.......#.##....# ##
######......<.#####.#
........ #.#†#.#####.#


You could see 3 yaks.

Vanquished Creatures
  Sigmund (D:2)
  A yak (D:5)
  A water moccasin (D:5)
  An ice beast (D:5)
  An ogre (D:5)
  2 phantoms
  2 kobold brigands (Sewer)
  A gnoll sergeant (D:5)
  2 scorpions
  A howler monkey (D:4)
  An iguana (D:5)
  2 orc wizards (D:4)
  3 gnolls (D:5)
  A river rat (Sewer)
  13 adders
  A shadow imp (D:5)
  4 worms
  4 dart slugs
  9 orcs
  A bat (D:2)
  9 endoplasms
  7 giant cockroaches
  5 goblins
  7 hobgoblins
  5 jackals
  A quokka (D:4)
  7 ball pythons
  6 frilled lizards
  11 kobolds
  7 rats
117 creatures vanquished.

Notes
Turn   | Place    | Note
-------+----------+-------------------------------------------
     0 | D:1      | KittyFluff the Gargoyle Berserker began the quest for the
                  | Orb.
     0 | D:1      | Reached XP level 1. HP: 14/14 MP: 1/1
   192 | D:1      | Reached XP level 2. HP: 14/19 MP: 2/2
   836 | D:1      | Reached XP level 3. HP: 16/23 MP: 3/3
  1186 | D:2      | Reached ** piety under Trog
  1234 | D:2      | Noticed Sigmund
  1245 | D:2      | Killed Sigmund
  1246 | D:2      | Reached skill level 4 in Armour
  1246 | D:2      | Reached XP level 4. HP: 20/29 MP: 4/4
  1246 | D:2      | Reached XP level 5. HP: 23/33 MP: 5/5
  1716 | D:2      | Reached XP level 6. HP: 34/38 MP: 6/6
  1939 | D:3      | Found a blossoming altar of Fedhas.
  2143 | D:3      | Found a radiant altar of Vehumet.
  2144 | D:3      | Found a sacrificial altar of Ru.
  2993 | D:4      | Reached *** piety under Trog
  3279 | D:4      | Reached skill level 5 in Maces & Flails
  3279 | D:4      | Reached skill level 5 in Armour
  3279 | D:4      | Reached XP level 7. HP: 43/44 MP: 7/7
  3443 | D:4      | Found a glowing drain.
  3447 | Sewer    | Entered a sewer
  3678 | Sewer    | Found a white marble altar of Elyvilon.
  4056 | D:5      | Entered Level 5 of the Dungeon
  4099 | D:4      | Reached skill level 5 in Fighting
  4322 | D:5      | Reached skill level 6 in Armour
  4322 | D:5      | Reached XP level 8. HP: 35/49 MP: 8/8
  4873 | D:5      | Noticed a yak
  4874 | D:5      | Noticed a yak
  4875 | D:5      | Noticed a yak
  4875 | D:5      | Noticed a yak
  4888 | D:5      | Noticed a yak
  4895 | D:5      | HP: 1/50 [yak (7)]
  5272 | D:5      | Killed a yak
  5273 | D:5      | Reached skill level 7 in Armour
  5277 | D:5      | Slain by a yak

Illustrated notes

Levels and vault maps discovered:
D:1:      dpeg_arrival_yet_another_circle, layout_loops_ring
D:2:      layout_loops_ring, kennysheep_decorative_pillar, uniq_sigmund
D:3:      layout_basic, nicolae_overflow_squiral, fedhas_ov_isle_minmay,
          serial_corexii_hall, corexii_hall_statues_x, chequers_hall_statues_y,
          chequers_hall_statues_y
D:4:      layout_basic, gup_sewer_entry_spiral
D:5:      layout_loops_cross, grunt_ministairs_7

Skill      XL: |  1  2  3  4  5  6  7  8 |
---------------+-------------------------+-----
Fighting       | 4 5 |  5.7
Maces & Flails | 4 5 6 |  6.7
Armour         | 4 5 6 7 |  7.0
Dodging        | 2 3 |  3.7

Action                     |  1- 3 |  4- 6 |  7- 9 || total
---------------------------+-------+-------+-------++-------
  Melee: Mace              |    94 |   178 |   261 ||   533
         Punch             |       |     1 |     1 ||     2
 Invoke: Berserk           |     1 |       |     3 ||     4
    Use: Scroll            |       |     1 |     1 ||     2
         Potion            |       |       |     1 ||     1
 Armour: Animal skin       |    24 |    54 |   101 ||   179
  Dodge: Dodged            |    72 |   138 |   166 ||   376
